 Dungeon Crawl Stone Soup version 0.18.1-8-gdd0e5ea (webtiles) character file.

533 manyhoops the Basher (level 7, 0/114 HPs)
             Began as an Ogre Berserker on May 31, 2016.
             Was a Priest of Trog.
             Slain by a centaur (5 damage)
             ... on level 5 of the Dungeon.
             The game lasted 00:04:43 (3760 turns).

manyhoops the Basher (Ogre Berserker)               Turns: 3760, Time: 00:04:44

Health: 0/114      AC:  1    Str: 30    XL:     7   Next: 24%
Magic:  7/7        EV: 10    Int:  6    God:    Trog [***...]
Gold:   186        SH:  0    Dex:  9    Spells: 0 memorised, 6 levels left

rFire  . . .     SeeInvis .     y - +0 flail
rCold  + . .     Gourm    .     g - +2 robe {rC+}
rNeg   . . .     Faith    .     (no shield)
rPois  .         Spirit   .     (helmet restricted)
rElec  .         Dismiss  .     (no cloak)
rCorr  .         Reflect  .     (gloves unavailable)
SustAt .         Harm     .     (boots unavailable)
MR     .....                    h - amulet of magic regeneration
Stlth  ..........               (no ring)
                                (no ring)

@: berserking, corroded, very quick, not resistant to hostile enchantments,
extremely unstealthy
A: unfitting armour, tough skin 1
a: Berserk, Trog's Hand, Burn Spellbooks, Renounce Religion


You were on level 5 of the Dungeon.
You worshipped Trog.
Trog was most pleased with you.
You were hungry.

You visited 1 branch of the dungeon, and saw 5 of its levels.

You collected 186 gold pieces.

Inventory:

Hand Weapons
 a - a +1 mace
 y - a +0 flail (weapon)
Missiles
 e - a throwing net (quivered)
Armour
 b - a +0 animal skin
 g - a +2 robe of cold resistance (worn)
Jewellery
 h - an amulet of magic regeneration (around neck)
Scrolls
 i - a scroll of teleportation
 l - a scroll of immolation {unknown}
 n - a scroll of enchant armour {unknown}
 o - a scroll of enchant weapon
 p - a scroll of noise {unknown}
 q - a scroll of random uselessness {unknown}
 t - a scroll of fog {unknown}
 u - a scroll of identify {unknown}
 w - 2 scrolls of recharging {unknown}
Potions
 d - 2 potions of might {unknown}
 f - 4 potions of curing {unknown}
 j - a potion of brilliance {unknown}
 m - a potion of ambrosia {unknown}
 r - a potion of degeneration {unknown}
 s - 2 potions of heal wounds {unknown}
 x - a potion of cure mutation {unknown}
Comestibles
 c - 2 bread rations
 k - 5 beef jerkies
 v - 2 meat rations


   Skills:
 + Level 6.4 Fighting
 * Level 9.3 Maces & Flails
 - Level 2.6 Dodging


You had 6 spell levels left.
You didn't know any spells.

Dungeon Overview and Level Annotations

Branches:
Dungeon (5/15)
 Temple: D:4-7

Altars:
Dithmenos
Okawaru


Innate Abilities, Weirdness & Mutations

You are too large for most types of armour.
You have tough skin (AC +1).


Message History

You are too injured to fight recklessly!
You are too injured to fight recklessly!
You are too injured to fight recklessly!
You are too injured to fight recklessly!
You are too injured to fight recklessly!
You are too injured to fight recklessly!
You are too injured to fight recklessly!
You barely miss the centaur. The centaur hits you.
* * * LOW HITPOINT WARNING * * *
The orc closely misses you. The crimson imp barely misses you.
You thump the centaur!
The centaur is heavily wounded.
The centaur hits you!
* * * LOW HITPOINT WARNING * * *
You thump the centaur!
The centaur is almost dead.
The crimson imp closely misses you. The orc hits you with a flail!
* * * LOW HITPOINT WARNING * * *
The centaur hits you.
You die...

#..........
#........!.# .
##..........#
..##........)..
#............#
#..........#
#..o......#.#
#.c@5...##.# #
#......###.# #######
#......###.###......
##......##..........
#..##..............
#######...........#
### ##...........
##.## ##............
##...####
#............#


You could see a centaur, a crimson imp and an orc.

Vanquished Creatures
  3 jellies
  2 orc wizards
  3 orc priests (D:4)
  A hound (D:4)
  Jessica (D:2)
  2 worker ants (D:4)
  A gnoll (D:1)
  7 adders
  2 oozes
  2 worms
  4 dart slugs
  A giant gecko (D:4)
  20 orcs
  5 giant cockroaches
  4 goblins
  7 hobgoblins
  4 jackals
  2 quokkas (D:4)
  2 ball pythons
  3 bats
  4 giant newts
  2 kobolds
  6 rats
88 creatures vanquished.

Notes
Turn   | Place    | Note
--------------------------------------------------------------
     0 | D:1      | manyhoops the Ogre Berserker began the quest for the Orb.
     0 | D:1      | Reached XP level 1. HP: 24/24 MP: 1/1
   137 | D:1      | Reached XP level 2. HP: 32/32 MP: 2/2
   236 | D:1      | You fall through a shaft!
   246 | D:2      | Noticed Jessica
   253 | D:2      | Killed Jessica
   253 | D:2      | Reached skill level 5 in Maces & Flails
   253 | D:2      | Reached XP level 3. HP: 15/41 MP: 3/3
   615 | D:2      | Reached XP level 4. HP: 47/49 MP: 4/4
   634 | D:2      | Reached skill level 5 in Fighting
   881 | D:2      | Reached ** piety under Trog
  1053 | D:2      | Found an iron altar of Okawaru.
  1063 | D:2      | Found a shadowy altar of Dithmenos.
  1324 | D:1      | Reached skill level 6 in Maces & Flails
  1892 | D:3      | Reached XP level 5. HP: 36/57 MP: 5/5
  2300 | D:3      | Reached skill level 7 in Maces & Flails
  2633 | D:4      | Reached *** piety under Trog
  2633 | D:4      | Reached XP level 6. HP: 55/67 MP: 6/6
  2962 | D:4      | Reached skill level 8 in Maces & Flails
  3430 | D:4      | Reached XP level 7. HP: 67/75 MP: 7/7
  3549 | D:4      | Reached skill level 9 in Maces & Flails
  3633 | D:5      | Entered Level 5 of the Dungeon
  3760 | D:5      | HP: 5/114 [orc/flail (10)]
  3760 | D:5      | Slain by a centaur

Skill      XL: |  1  2  3  4  5  6  7 |
---------------+----------------------+-----
Maces & Flails | 5 6 7 8 9 |  9.3
Fighting       | 5 6 |  6.4
Dodging        | |  2.6

Action                   |  1- 3 |  4- 6 |  7- 9 || total
-------------------------+-------+-------+-------++-------
Melee: Mace              |    42 |   243 |       ||   285
       Flail             |       |    10 |    50 ||    60
Invok: Berserk           |     2 |     1 |     1 ||     4
  Use: Scroll            |       |     2 |       ||     2
 Stab: Sleeping          |       |     2 |       ||     2
  Eat: Chunk             |     1 |    10 |     1 ||    12
Armor: Animal skin       |     5 |       |       ||     5
       Robe              |     2 |    83 |     7 ||    92
Dodge: Dodged            |    18 |   139 |    21 ||   178
